[Event "Finalturnier U10"]
[Site "TOSHIBA"]
[Date "2008.07.03"]
[Round "1"]
[White "Lehmann, Dominik"]
[Black "Burgener, Vincent"]
[Result "1-0"]
[ECO "C02"]
[WhiteElo "1575"]
[BlackElo "1558"]
[Annotator ",Inock"]
[PlyCount "57"]
[TimeControl "40/7200:20/3600:1800"]

{400MB, Fritz8.ctg} 1. e4 e6 2. d4 d5 3. e5 c5 4. c3 Nc6 5. Nf3 Qb6 6. Bd3 Bd7
7. Bc2 O-O-O 8. O-O f6 9. exf6 gxf6 10. dxc5 Bxc5 11. b4 Bd6 12. Be3 Qc7 13. a4
h5 14. b5 Na5 15. Bxa7 b6 16. Bxb6 Qxb6 17. Nbd2 Ne7 18. Qe2 h4 19. c4 e5 20.
cxd5 h3 21. g3 Nxd5 22. Be4 Nf4 23. gxf4 Rdg8+ 24. Kh1 Kb8 25. Nc4 Nxc4 26.
Qxc4 exf4 27. a5 Bxb5 28. Qxg8+ Rxg8 29. axb6 1-0

[Event "Finalturnier U10"]
[Site "TOSHIBA"]
[Date "2008.07.03"]
[Round "1"]
[White "Schweighoffer, Martin"]
[Black "Rohner, Nadine"]
[Result "1-0"]
[ECO "C54"]
[WhiteElo "1513"]
[BlackElo "1407"]
[Annotator ",Inock"]
[PlyCount "83"]
[TimeControl "40/7200:20/3600:1800"]

{400MB, Fritz8.ctg} 1. e4 e5 2. Nf3 Nc6 3. Bc4 Bc5 4. c3 Nf6 5. d4 exd4 6. cxd4
Nxd4 7. Nxd4 Nxe4 8. O-O Qf6 9. Be3 Bd6 10. Re1 c5 11. f3 cxd4 12. Bxd4 Qd8 13.
Rxe4+ Be7 14. Bxg7 Rg8 15. Bf6 Qb6+ 16. Qd4 Qxd4+ 17. Bxd4 Rg6 18. Nc3 f5 19.
Re2 d6 20. Nd5 Be6 21. Nc7+ Kd7 22. Nxa8 Bxc4 23. Rc2 d5 24. Bxa7 Ke8 25. b3
Ba6 26. Nc7+ Kf7 27. Nxd5 Bd6 28. Rac1 Bd3 29. Rc8 Re6 30. Rh8 f4 31. Bb8 Ba3
32. Rc7+ Be7 33. Nxf4 Re1+ 34. Kf2 Rd1 35. Nxd3 Rxd3 36. Rxh7+ Kf6 37. Rcxe7 b5
38. Ke2 Rd4 39. Be5+ Kf5 40. Bxd4 b4 41. g4+ Kf4 42. Be3# 1-0

[Event "Finalturnier U10"]
[Site "TOSHIBA"]
[Date "2008.07.03"]
[Round "1"]
[White "Catsiapis, Yiannis"]
[Black "Miccolis, Timur"]
[Result "1-0"]
[ECO "D06"]
[WhiteElo "1462"]
[BlackElo "1538"]
[Annotator ",Inock"]
[PlyCount "103"]
[TimeControl "40/7200:20/3600:1800"]

{400MB, Fritz8.ctg} 1. d4 d5 2. c4 Nf6 3. Nc3 Bf5 4. Nf3 e6 5. e3 Nc6 6. Bd3
Bxd3 7. Qxd3 Nb4 8. Qd1 dxc4 9. Qa4+ c6 10. O-O b5 11. Qd1 Be7 12. e4 O-O 13.
Ne5 c5 14. Nxb5 Qb6 15. a4 cxd4 16. Nxd4 Qc5 17. Ndf3 Rfd8 18. Qe2 Rac8 19. Bf4
Bd6 20. Rac1 Bxe5 21. Nxe5 Qa5 22. Rxc4 Rxc4 23. Qxc4 Qxa4 24. h3 Rd6 25. Qc8+
Ne8 26. Nxf7 Qd7 27. Nxd6 Qxc8 28. Nxc8 a5 29. Rd1 Kf7 30. Nd6+ Nxd6 31. Bxd6
Nc2 32. Be5 g6 33. Rd7+ Kg8 34. Rg7+ Kf8 35. Rxh7 Ne1 36. Ra7 Nd3 37. Rxa5 Nxe5
38. Rxe5 Kf7 39. b4 Ke7 40. b5 Kd7 41. b6 Kc6 42. Rxe6+ Kb7 43. Rd6 Ka6 44. b7+
Kxb7 45. e5 Kc7 46. Rd1 g5 47. e6 Kc8 48. e7 Kc7 49. e8=Q Kb7 50. Qe6 g4 51.
Rd7+ Kc8 52. Qe8# 1-0

[Event "Finalturnier U10"]
[Site "TOSHIBA"]
[Date "2008.07.04"]
[Round "2"]
[White "Rohner, Nadine"]
[Black "Thode, Gilda"]
[Result "0-1"]
[ECO "C00"]
[WhiteElo "1407"]
[BlackElo "1501"]
[Annotator ",Inock"]
[PlyCount "74"]
[TimeControl "40/7200:20/3600:1800"]

{400MB, Fritz8.ctg} 1. e4 e6 2. d4 d5 3. f3 c5 4. c3 Nc6 5.
Bb5 a6 6. Ba4 b5 7. Bc2 f5 8. Ne2 Be7 9. O-O fxe4 10. fxe4 Nf6 11. e5 Nd7 12.
Nd2 Qb6 13. Nf3 O-O 14. Be3 Rf7 15. a3 Bb7 16. Bf2 Raf8 17. Ng3 b4 18. Qd3 g6
19. a4 a5 20. Rab1 Ba6 21. Qe3 Bxf1 22. Rxf1 cxd4 23. cxd4 Rf4 24. Qd3 Bh4 25.
Nh5 Bxf2+ 26. Rxf2 R4f7 27. Ng3 Nxd4 28. Bd1 Nxf3+ 29. Bxf3 Nxe5 30. Qb5 Qxb5
31. axb5 Nxf3+ 32. gxf3 Rxf3 33. Re2 Rb8 34. Rxe6 Rxb5 35. Ne2 d4 36. Nxd4 Rg5+
37. Kh1 Rf1# 0-1

[Event "Finalturnier U10"]
[Site "TOSHIBA"]
[Date "2008.07.04"]
[Round "2"]
[White "Miccolis, Timur"]
[Black "Arcuti, Davide"]
[Result "0-1"]
[ECO "C50"]
[WhiteElo "1538"]
[BlackElo "1560"]
[Annotator ",Inock"]
[PlyCount "74"]
[TimeControl "40/7200:20/3600:1800"]

{400MB, Fritz8.ctg} 1. e4 e5 2. Nf3 Nc6 3.
Bc4 Be7 4. c3 Nf6 5. d3 O-O 6. Be3 d6 7. h3 Na5 8. Bb5 a6 9. Ba4 b5 10. Bc2 c5
11. Nbd2 Nc6 12. O-O a5 13. a3 Ba6 14. Rb1 Kh8 15. b3 b4 16. cxb4 axb4 17. a4
d5 18. exd5 Nxd5 19. Nc4 Nc3 20. Qe1 Nxb1 21. Qxb1 Bxc4 22. dxc4 h6 23. Be4 Rc8
24. Rd1 Qc7 25. Bxc6 Qxc6 26. Nxe5 Qe6 27. Nf3 Rfd8 28. Re1 Qd6 29. Qb2 Bf6 30.
Qc2 Qd3 31. Qa2 Bc3 32. Rf1 Qg6 33. Bd2 Bxd2 34. Nxd2 Rd3 35. Kh1 Rc3 36. h4
Rc2 37. Qb1 Rxd2 0-1

[Event "Finalturnier U10"]
[Site "TOSHIBA"]
[Date "2008.07.04"]
[Round "2"]
[White "Burgener, Vincent"]
[Black "Catsiapis, Yiannis"]
[Result "1-0"]
[ECO "C54"]
[WhiteElo "1558"]
[BlackElo "1462"]
[Annotator ",Inock"]
[PlyCount "117"]
[TimeControl "40/7200:20/3600:1800"]

{400MB, Fritz8.ctg} 1. e4 e5 2. Nf3 Nc6 3. Bc4 Bc5 4. c3 Nf6 5. d3 d6 6. Qe2
Be6 7. Bb3 O-O 8. Bg5 h6 9. Bh4 Qe7 10. Nbd2 Rad8 11. O-O-O d5 12. exd5 Bxd5
13. Bxd5 Rxd5 14. Ne4 g5 15. Bg3 Re8 16. h4 g4 17. Nh2 h5 18. f3 Nxe4 19. Qxe4
Qd7 20. fxg4 hxg4 21. Qxg4+ Qxg4 22. Nxg4 Kg7 23. Rhe1 f6 24. Bf2 Bf8 25. Ne3
Rd7 26. d4 e4 27. Nf5+ Kg6 28. g4 Bh6+ 29. Be3 Bxe3+ 30. Rxe3 Re6 31. d5 Re5
32. dxc6 Rxd1+ 33. Kxd1 bxc6 34. Ng3 Ra5 35. a3 Rd5+ 36. Kc2 Re5 37. Rxe4 Rxe4
38. Nxe4 f5 39. gxf5+ Kxf5 40. Nc5 Kg4 41. Ne6 Kxh4 42. Nxc7 Kg5 43. Kd3 Kf6
44. Kd4 Ke7 45. Kc5 Kd7 46. Na6 Kd8 47. Kxc6 Kc8 48. c4 Kd8 49. c5 Kc8 50. Nb8
Kxb8 51. Kd7 Ka8 52. c6 a5 53. c7 a4 54. c8=Q+ Ka7 55. Qc4 Kb6 56. Kc8 Ka5 57.
Qb4+ Ka6 58. Kc7 Ka7 59. Qa5# 1-0

[Event "Finalturnier U10"]
[Site "TOSHIBA"]
[Date "2008.07.04"]
[Round "2"]
[White "Schweighoffer, Martin"]
[Black "Lehmann, Dominik"]
[Result "0-1"]
[ECO "B50"]
[WhiteElo "1513"]
[BlackElo "1575"]
[Annotator ",Inock"]
[PlyCount "138"]
[TimeControl "40/7200:20/3600:1800"]

{400MB, Fritz8.ctg} 1. e4 c5 2. Nf3 d6 3. c3 Nf6 4. d3 g6 5.
Be3 Bg7 6. Nbd2 Nc6 7. Be2 Bd7 8. Qc2 a6 9. h3 b5 10. Nb3 b4 11. c4 a5 12. Qd2
Rg8 13. d4 a4 14. Nc1 Nxe4 15. Qd3 Bf5 16. Qd1 a3 17. b3 cxd4 18. Nxd4 Nxd4 19.
Bxd4 Bh6 20. Bf3 Rc8 21. g4 Nc3 22. Bxc3 bxc3 23. gxf5 Bg7 24. Qc2 Bh6 25. fxg6
fxg6 26. Qxc3 Bg7 27. Qb4 Bxa1 28. Qxa3 Bc3+ 29. Kd1 Qa5 30. Qxa5 Bxa5 31. Kc2
Rf8 32. Bg4 Rxf2+ 33. Kb1 Ra8 34. Rg1 Bb6 35. Rg3 Bc7 36. Rg1 Bb6 37. Rg3 e5
38. h4 e4 39. h5 e3 40. hxg6 hxg6 41. Be2 Kf7 42. Bd3 Bd4 43. Bxg6+ Kf8 44. Bc2
e2 45. Nxe2 Rxe2 46. Rf3+ Ke7 47. Bg6 Rf8 48. Rxf8 Kxf8 49. Bh5 Rb2+ 50. Kc1
Rxa2 51. b4 Ra4 52. c5 dxc5 53. bxc5 Bxc5 54. Kb2 Ra3 55. Bd1 Ke7 56. Bb3 Bb4
57. Ba2 Kd6 58. Kb1 Kc5 59. Bg8 Kd4 60. Kc2 Rc3+ 61. Kb2 Ba3+ 62. Kb1 Rg3 63.
Bh7 Rg2 64. Bf5 Kc3 65. Be4 Rf2 66. Bg6 Bb2 67. Ka2 Rf6 68. Bc2 Ra6+ 69. Kb1
Ra1# 0-1

[Event "Finalturnier U10"]
[Site "TOSHIBA"]
[Date "2008.07.04"]
[Round "3"]
[White "Thode, Gilda"]
[Black "Miccolis, Timur"]
[Result "1-0"]
[ECO "C50"]
[WhiteElo "1501"]
[BlackElo "1538"]
[Annotator ",Inock"]
[PlyCount "91"]
[TimeControl "40/7200:20/3600:1800"]

{400MB, Fritz8.ctg} 1. e4 e5 2. Nf3 Nc6 3. Bc4 Bc5 4. O-O Nf6 5. d3 d6 6. Be3
Bb6 7. Nc3 Bg4 8. h3 Bh5 9. Nd5 Nxd5 10. Bxd5 Qd7 11. g4 Bxg4 12. hxg4 Qxg4+
13. Kh2 O-O 14. Rg1 Qh5+ 15. Kg2 Kh8 16. Ng5 Qg6 17. Kf1 Qf6 18. Qh5 h6 19.
Nxf7+ Rxf7 20. Bxf7 Bxe3 21. Rg2 Rf8 22. Kg1 Rxf7 23. fxe3 Kh7 24. a3 g6 25.
Qh3 Ne7 26. Kh2 d5 27. Rag1 c6 28. b3 a6 29. a4 dxe4 30. dxe4 Rg7 31. c4 c5 32.
Rg4 Qf2+ 33. R1g2 Qf6 34. Qh4 Qf3 35. Qg3 Qd1 36. Rb2 Qc1 37. Qf2 Qd1 38. Rg1
Qh5+ 39. Kg2 Nc6 40. Qf3 Qg5+ 41. Kf1 Qe7 42. Rf2 Nb4 43. Qf8 Qc7 44. Qe8 Nd3
45. Rf8 Re7 46. Qxg6# 1-0

[Event "Finalturnier U10"]
[Site "TOSHIBA"]
[Date "2008.07.04"]
[Round "3"]
[White "Catsiapis, Yiannis"]
[Black "Schweighoffer, Martin"]
[Result "0-1"]
[ECO "D40"]
[WhiteElo "1462"]
[BlackElo "1513"]
[Annotator ",Inock"]
[PlyCount "124"]
[TimeControl "40/7200:20/3600:1800"]

{400MB, Fritz8.ctg} 1. d4 c5 2. Nf3 Nc6 3. e3 Nf6 4. c4 e6 5. Nc3 d5 6. Be2 Bd7
7. O-O Be7 8. b3 Qc7 9. Bb2 O-O 10. Qd2 Rad8 11. Rfe1 Rfe8 12. Ba3 b6 13. Na4
Ne4 14. Qd3 cxd4 15. Bxe7 dxe3 16. fxe3 Nxe7 17. Rac1 Qd6 18. Nc3 Nxc3 19. Qxc3
e5 20. Nxe5 Nf5 21. Ng4 d4 22. exd4 Nxd4 23. Bf3 Qc5 24. Kf1 b5 25. b4 Qxc4+
26. Qxc4 Rxe1+ 27. Rxe1 bxc4 28. Ne5 Bb5 29. Rc1 c3+ 30. Kf2 c2 31. Ng4 Ba4 32.
Ne3 Kf8 33. Be4 g6 34. Nxc2 Nxc2 35. Bxc2 Rd2+ 36. Ke3 Rxc2 37. Rxc2 Bxc2 38.
Kd4 Ke7 39. Kc5 Kd7 40. Kb5 Kc7 41. a4 h5 42. a5 Bd3+ 43. Kc5 a6 44. Kd5 f5 45.
Ke5 g5 46. Kf6 g4 47. Kg5 Be4 48. g3 Kc6 49. Kxh5 Kb5 50. Kh4 Kxb4 51. Kg5 Kxa5
52. Kf4 Kb4 53. Ke5 a5 54. Kf4 a4 55. Ke3 a3 56. h4 gxh3 57. Kf2 h2 58. g4 h1=Q
59. gxf5 Qf3+ 60. Ke1 Kc3 61. f6 Bd3 62. f7 Qf1# 0-1

[Event "Finalturnier U10"]
[Site "TOSHIBA"]
[Date "2008.07.04"]
[Round "3"]
[White "Arcuti, Davide"]
[Black "Burgener, Vincent"]
[Result "0-1"]
[ECO "C18"]
[WhiteElo "1560"]
[BlackElo "1558"]
[Annotator ",Inock"]
[PlyCount "106"]
[TimeControl "40/7200:20/3600:1800"]

{400MB, Fritz8.ctg} 1. e4 e6 2. d4 d5 3. Nc3 Bb4 4. e5 c5 5. a3 Bxc3+ 6. bxc3
Ne7 7. Bg5 Nbc6 8. Nf3 Qa5 9. Bxe7 Qxc3+ 10. Nd2 Nxd4 11. Ra2 Kxe7 12. Be2 Bd7
13. O-O Ba4 14. Nb1 Nxe2+ 15. Qxe2 Qa5 16. Qd2 Qxd2 17. Nxd2 f6 18. exf6+ gxf6
19. Rb2 Bc6 20. Re1 Rhg8 21. g3 Rg5 22. Nb3 b6 23. f4 Rh5 24. Re2 Kd6 25. Rb1
e5 26. fxe5+ Rxe5 27. Rf2 f5 28. Nd2 Rae8 29. Kf1 Bb7 30. Nf3 Ba6+ 31. Kg2 Re2
32. Rbf1 Rxf2+ 33. Rxf2 Re2 34. Rxe2 Bxe2 35. Nd2 Kc6 36. Kh3 Kb5 37. Kh4 Bd1
38. c3 Ka4 39. Kg5 a5 40. Kh6 Kxa3 41. c4 d4 42. Kxh7 a4 43. Kg6 Kb2 44. h4 a3
45. h5 Bxh5+ 46. Kxh5 a2 47. Kg5 a1=Q 48. Kxf5 d3 49. g4 Qe1 50. Nf3 d2 51.
Nxd2 Qxd2 52. g5 Kc3 53. g6 Kxc4 0-1

[Event "Finalturnier U10"]
[Site "TOSHIBA"]
[Date "2008.07.04"]
[Round "3"]
[White "Lehmann, Dominik"]
[Black "Rohner, Nadine"]
[Result "1-0"]
[ECO "C54"]
[WhiteElo "1575"]
[BlackElo "1407"]
[Annotator ",Inock"]
[PlyCount "67"]
[TimeControl "40/7200:20/3600:1800"]

{400MB, Fritz8.ctg} 1. e4 e5 2. Nf3 Nc6 3. Bc4 Bc5 4. c3 Nf6 5. d4 exd4 6. cxd4
Bb6 7. d5 Na5 8. Bd3 d6 9. b4 Qe7 10. O-O Nc4 11. Bxc4 Nxe4 12. Re1 f5 13. Be3
Bxe3 14. Rxe3 c5 15. bxc5 dxc5 16. d6 Qf6 17. Nc3 Be6 18. Bxe6 Qxe6 19. Nxe4
fxe4 20. Ng5 Qf6 21. Nxe4 Qb2 22. Nxc5+ Kf7 23. Qf3+ Kg8 24. Qd5+ Kf8 25. Rf3+
Qf6 26. Rxf6+ gxf6 27. Nd7+ Kg7 28. g3 h5 29. Re1 h4 30. Re7+ Kg6 31. Qf7+ Kf5
32. Qxf6+ Kg4 33. Qg6+ Kf3 34. Re3# 1-0

[Event "Finalturnier U10"]
[Site "TOSHIBA"]
[Date "2008.07.05"]
[Round "4"]
[White "Rohner, Nadine"]
[Black "Miccolis, Timur"]
[Result "1-0"]
[ECO "C21"]
[WhiteElo "1407"]
[BlackElo "1538"]
[Annotator ",Inock"]
[PlyCount "67"]
[TimeControl "40/7200:20/3600:1800"]

{400MB, Fritz8.ctg} 1. e4 e5 2. d4 d6 3. Nf3 Bg4 4. Be2 Nf6 5. O-O Nc6 6. Nc3
Be7 7. Be3 Qd7 8. Qd3 O-O-O 9. Nb5 h5 10. d5 Bxf3 11. dxc6 Qe6 12. Bxf3 b6 13.
Nxd6+ Rxd6 14. Qa6+ Kd8 15. Qxa7 Qc8 16. Rfd1 Ke8 17. h3 Kf8 18. b4 Rxc6 19. b5
Rxc2 20. a4 Kg8 21. a5 bxa5 22. Rxa5 Kh7 23. b6 cxb6 24. Bxb6 Re8 25. Rxe5 g6
26. Rxe7 Rxe7 27. Qxe7 Kg7 28. Bd4 Rc6 29. e5 Re6 30. exf6+ Kg8 31. Qb4 Qc7 32.
Qd2 Re8 33. Qh6 Rd8 34. Qg7# 1-0

[Event "Finalturnier U10"]
[Site "TOSHIBA"]
[Date "2008.07.05"]
[Round "4"]
[White "Burgener, Vincent"]
[Black "Thode, Gilda"]
[Result "1-0"]
[ECO "C02"]
[WhiteElo "1558"]
[BlackElo "1501"]
[Annotator ",Inock"]
[PlyCount "123"]
[TimeControl "40/7200:20/3600:1800"]

{400MB, Fritz8.ctg} 1. e4 e6 2. d4 d5 3. e5 c5 4. Nf3 Nc6 5. c3 Qb6 6. Bd3 Bd7
7. Bc2 cxd4 8. cxd4 Bb4+ 9. Nc3 f6 10. O-O fxe5 11. dxe5 Nge7 12. Na4 Qc7 13.
a3 Ba5 14. b4 Bb6 15. Re1 O-O 16. Nxb6 axb6 17. Qd3 g6 18. Bh6 Rfd8 19. Bg5
Rac8 20. Rac1 Rf8 21. b5 Nxe5 22. Nxe5 Nf5 23. Qd2 Qd6 24. Nxd7 Qxd7 25. Bxf5
Rxf5 26. Rxc8+ Qxc8 27. Qc1 Qe8 28. Be3 Qe7 29. Bxb6 Qd7 30. g3 Qxb5 31. Qc8+
Kf7 32. Qxe6+ Kg7 33. Qe7+ Rf7 34. Bd4+ Kg8 35. Qe8+ Qxe8 36. Rxe8+ Rf8 37.
Rxf8+ Kxf8 38. Kf1 Ke7 39. Ke2 Ke6 40. Ke3 Kf5 41. Bc3 Ke6 42. Kd4 Kd6 43. Bb4+
Kc6 44. Ke5 g5 45. Kf5 h6 46. Kg6 d4 47. Kxh6 d3 48. Kxg5 Kd5 49. h4 Ke4 50. h5
Kf3 51. h6 Ke2 52. h7 d2 53. Bxd2 Kxd2 54. h8=Q Ke2 55. Qc3 Kxf2 56. Kf4 Ke2
57. Qe3+ Kd1 58. Qf2 Kc1 59. Qa2 Kd1 60. Ke3 Kc1 61. Kd3 b5 62. Qc2# 1-0

[Event "Finalturnier U10"]
[Site "TOSHIBA"]
[Date "2008.07.05"]
[Round "4"]
[White "Schweighoffer, Martin"]
[Black "Arcuti, Davide"]
[Result "0-1"]
[ECO "C41"]
[WhiteElo "1513"]
[BlackElo "1560"]
[Annotator ",Inock"]
[PlyCount "100"]
[TimeControl "40/7200:20/3600:1800"]

{400MB, Fritz8.ctg} 1. e4 e5 2. Nf3 d6 3. Bc4 Be7 4. d4 exd4 5. Nxd4 Nf6 6. Nc3
Bd7 7. Be3 Nc6 8. O-O O-O 9. Qd2 a6 10. Rfe1 Re8 11. Nf3 Bg4 12. Be2 Ne5 13.
Nxe5 dxe5 14. Qxd8 Raxd8 15. Bxg4 Nxg4 16. Nd5 c6 17. Nxe7+ Rxe7 18. Rad1 Red7
19. Rxd7 Rxd7 20. Bb6 Nf6 21. f3 Rd2 22. Rc1 h6 23. Ba5 Rd7 24. Kf2 Ne8 25. Ke2
f6 26. Rd1 Rxd1 27. Kxd1 Kf7 28. b3 Nd6 29. a4 Ke6 30. Kd2 b5 31. axb5 axb5 32.
Bb4 g6 33. g4 g5 34. h3 Ke7 35. Bxd6+ Kxd6 36. c4 b4 37. Kd3 Kc5 38. Ke3 Kd6
39. Kd2 c5 40. Ke2 Ke7 41. Kf2 Kf7 42. Kg3 Kg6 43. h4 Kg7 44. Kh2 Kg6 45. Kg2
gxh4 46. Kh3 Kg5 47. f4+ exf4 48. Kg2 Kxg4 49. Kf1 Kf3 50. e5 fxe5 0-1

[Event "Finalturnier U10"]
[Site "TOSHIBA"]
[Date "2008.07.05"]
[Round "4"]
[White "Lehmann, Dominik"]
[Black "Catsiapis, Yiannis"]
[Result "0-1"]
[ECO "C54"]
[WhiteElo "1575"]
[BlackElo "1462"]
[Annotator ",Inock"]
[PlyCount "44"]
[TimeControl "40/7200:20/3600:1800"]

{400MB, Fritz8.ctg} 1. e4 e5 2. Nf3 Nc6 3. Bc4 Bc5 4. c3 Nf6 5. d4 exd4 6. cxd4
Bb4+ 7. Nc3 Nxe4 8. O-O Bxc3 9. bxc3 O-O 10. Qd3 d5 11. Bb3 Bf5 12. Nd2 Nxd2
13. Qxd2 Qd7 14. Ba3 Rfe8 15. Rfe1 Bg6 16. Ba4 f6 17. Re3 Rxe3 18. Qxe3 Re8 19.
Qd2 Qe6 20. c4 Bf7 21. Rd1 Qe4 22. Bc2 Qxd4 0-1

[Event "Finalturnier U10"]
[Site "TOSHIBA"]
[Date "2008.07.05"]
[Round "5"]
[White "Catsiapis, Yiannis"]
[Black "Rohner, Nadine"]
[Result "1-0"]
[ECO "D10"]
[WhiteElo "1462"]
[BlackElo "1407"]
[Annotator ",Inock"]
[PlyCount "53"]
[TimeControl "40/7200:20/3600:1800"]

{400MB, Fritz8.ctg} 1. d4 d5 2. c4 c6 3. Nc3 Bf5 4. Nf3 f6 5. Bf4 Nd7 6. e3 e6
7. Bd3 Bxd3 8. Qxd3 Bb4 9. O-O Ne7 10. Rac1 Ng6 11. Bg3 O-O 12. a3 Be7 13. e4
Nb6 14. cxd5 cxd5 15. Rfe1 Bd6 16. Re2 Qe7 17. exd5 e5 18. Rce1 Nd7 19. Nh4 e4
20. Nxg6 hxg6 21. Rxe4 Qd8 22. Bxd6 Rf7 23. Re7 Nb6 24. Qxg6 Rxe7 25. Rxe7 Qf8
26. Rxb7 Re8 27. Kf1 1-0

[Event "Finalturnier U10"]
[Site "TOSHIBA"]
[Date "2008.07.05"]
[Round "5"]
[White "Arcuti, Davide"]
[Black "Lehmann, Dominik"]
[Result "1-0"]
[ECO "A40"]
[WhiteElo "1560"]
[BlackElo "1575"]
[Annotator ",Inock"]
[PlyCount "89"]
[TimeControl "40/7200:20/3600:1800"]

{400MB, Fritz8.ctg} 1. d4 e6 2. e3 d5 3. Nf3 c5 4. Bb5+ Bd7 5. Bxd7+ Nxd7 6.
O-O Ngf6 7. Nc3 a6 8. a4 Bd6 9. Bd2 Qc7 10. h3 O-O 11. Qe2 cxd4 12. exd4 Rac8
13. Rac1 Qb6 14. Rb1 Rfe8 15. Be3 Qc7 16. Rfc1 e5 17. dxe5 Nxe5 18. Nd4 Nc4 19.
Nd1 Bc5 20. c3 Nxe3 21. Nxe3 Bxd4 22. cxd4 Qxc1+ 23. Rxc1 Rxc1+ 24. Kh2 Rc4 25.
Qd1 Rb4 26. b3 Rc8 27. Qd3 g6 28. f3 Rb6 29. g4 Re6 30. Kg3 Rce8 31. Ng2 Rc6
32. Nf4 Rec8 33. Qe3 Rc3 34. Qe5 Ne4+ 35. Kh4 g5+ 36. Kh5 gxf4 37. fxe4 Rxh3+
38. Kg5 f3 39. exd5 f2 40. Qf4 Rh2 41. Kf6 Rh6+ 42. Ke7 Rh2 43. d6 Rc1 44.
Qxf7+ Kh8 45. Qf8# 1-0

[Event "Finalturnier U10"]
[Site "TOSHIBA"]
[Date "2008.07.05"]
[Round "5"]
[White "Thode, Gilda"]
[Black "Schweighoffer, Martin"]
[Result "1-0"]
[ECO "C50"]
[WhiteElo "1501"]
[BlackElo "1513"]
[Annotator ",Inock"]
[PlyCount "115"]
[TimeControl "40/7200:20/3600:1800"]

{400MB, Fritz8.ctg} 1. e4 e5 2. Nf3 Nc6 3. Bc4 Bc5 4. O-O Nf6 5. d3 d6 6. Be3
Bb6 7. Nbd2 Be6 8. b3 O-O 9. Re1 h6 10. h3 Qd7 11. Bxe6 fxe6 12. Nc4 Rf7 13.
Nxb6 axb6 14. a4 d5 15. exd5 exd5 16. Bd2 Re7 17. Re2 Rae8 18. Qe1 Qd6 19. b4
e4 20. dxe4 Nxe4 21. Be3 Qxb4 22. Qxb4 Nxb4 23. Bc1 Nc3 24. Rxe7 Rxe7 25. Ba3
Nxc2 26. Bxe7 Nxa1 27. Ba3 Nxa4 28. Kf1 Nc3 29. Bb2 c5 30. Bxc3 Kf7 31. Ne5+
Ke6 32. Nd3 Nb3 33. Bxg7 h5 34. Ke2 Nd4+ 35. Bxd4 cxd4 36. Nf4+ Ke5 37. Nd3+
Kd6 38. g4 hxg4 39. hxg4 Ke6 40. f3 b5 41. Nc5+ Ke5 42. Nxb7 b4 43. Nc5 Kf6 44.
Kd3 Ke5 45. Nb3 Kd6 46. Kxd4 Ke6 47. g5 Kf5 48. Kxd5 Kxg5 49. Kc4 Kf4 50. Nd4
b3 51. Kxb3 Ke3 52. Kc4 Kf4 53. Kd5 Kg5 54. Ke5 Kg6 55. f4 Kf7 56. Kf5 Kf8 57.
Kf6 Ke8 58. Kg7 1-0

[Event "Finalturnier U10"]
[Site "TOSHIBA"]
[Date "2008.07.05"]
[Round "5"]
[White "Miccolis, Timur"]
[Black "Burgener, Vincent"]
[Result "0-1"]
[ECO "C02"]
[WhiteElo "1538"]
[BlackElo "1558"]
[Annotator ",Inock"]
[PlyCount "70"]
[TimeControl "40/7200:20/3600:1800"]

{400MB, Fritz8.ctg} 1. e4 e6 2. d4 d5 3. e5 c5 4. c3 Nc6 5. Nf3 Qb6 6. Be2 Bd7
7. Qc2 O-O-O 8. Be3 f6 9. a4 Na5 10. O-O Nb3 11. Ra3 c4 12. Ra2 Ne7 13. Bd1 Nc6
14. Qe2 Nca5 15. Bxb3 Qxb3 16. Ra1 Bxa4 17. Bc1 Qb5 18. exf6 Re8 19. fxg7 Bxg7
20. Ng5 Bh6 21. Nf7 Qd7 22. Nxh8 Bxc1 23. Rxc1 Nb3 24. Nd2 Nxc1 25. Rxc1 Rxh8
26. Nf3 Rg8 27. Ne5 Qe7 28. Ra1 b5 29. Nc6 Qf6 30. Nb4 Rg7 31. Na6 Qg6 32. g3
Bc2 33. Nc5 Bf5 34. Ra6 Bh3 35. Qe5 Qb1+ 0-1

[Event "Finalturnier U10"]
[Site "TOSHIBA"]
[Date "2008.07.06"]
[Round "6"]
[White "Lehmann, Dominik"]
[Black "Thode, Gilda"]
[Result "1/2-1/2"]
[ECO "C02"]
[WhiteElo "1575"]
[BlackElo "1501"]
[Annotator ",Inock"]
[PlyCount "64"]
[TimeControl "180"]

{400MB, Fritz8.ctg} 1. e4 e6 2. d4 d5 3. e5 c5 4. c3 Nc6 5. Nf3 f6 6. exf6 Nxf6 7. Bd3 Qb6 8. O-O Bd6 9. Re1 O-O 10. Ne5 cxd4 11.
Nxc6 bxc6 12. cxd4 g6 13. Bc2 Qc7 14. h3 c5 15. Bh6 Rf7 16. dxc5 Bxc5 17. Nd2
Qb6 18. Qb1 Bxf2+ 19. Kh1 Bxe1 20. Bxg6 Rb7 21. Bxh7+ Kf7 22. Qg6+ Ke7 23. Qg7+
Kd6 24. Bf4+ Kc6 25. Rc1+ Kb5 26. Bd3+ Ka4 27. Bc2+ Kb4 28. a3+ Kb5 29. Bd3+
Ka4 30. Bc2+ Kb5 31. Bd3+ Ka4 32. Bc2+ Kb5 1/2-1/2

[Event "Finalturnier U10"]
[Site "TOSHIBA"]
[Date "2008.07.06"]
[Round "6"]
[White "Rohner, Nadine"]
[Black "Burgener, Vincent"]
[Result "0-1"]
[ECO "C00"]
[WhiteElo "1407"]
[BlackElo "1558"]
[Annotator ",Inock"]
[PlyCount "102"]
[TimeControl "40/7200:20/3600:1800"]

{400MB, Fritz8.ctg} 1. e4 e6 2. Nc3 d5 3. f3 Nf6 4. d4 Bb4 5. Bd2 Bxc3 6. Bxc3
dxe4 7. Qe2 exf3 8. Nxf3 b6 9. Qd2 Ba6 10. O-O-O Ne4 11. Qe3 Nxc3 12. Qxc3 Bxf1
13. Rhxf1 O-O 14. h4 c6 15. g4 Qd5 16. h5 Qxa2 17. Nd2 Qa5 18. Qg3 Nd7 19. Nb3
Qg5+ 20. Kb1 f5 21. Qd6 Rf7 22. Qxe6 Qxg4 23. h6 Qg6 24. Qe3 Qxh6 25. Qd3 Rd8
26. Rxf5 Qg6 27. Rf3 Qxd3 28. Rfxd3 Rdf8 29. Ka2 Rf1 30. R1d2 R8f2 31. Rc3 Rxd2
32. Nxd2 Rd1 33. Nb3 Nb8 34. Re3 Na6 35. Ka3 c5 36. dxc5 Nxc5 37. Re8+ Kf7 38.
Ra8 a5 39. Nxc5 bxc5 40. Rxa5 Ra1+ 41. Kb3 Rxa5 42. Kc3 h5 43. b4 cxb4+ 44.
Kxb4 Rf5 45. c4 h4 46. c5 h3 47. Kb5 h2 48. Kb6 h1=Q 49. c6 Rf6 50. Kc7 Qxc6+
51. Kd8 Rd6# 0-1

[Event "Finalturnier U10"]
[Site "TOSHIBA"]
[Date "2008.07.06"]
[Round "6"]
[White "Schweighoffer, Martin"]
[Black "Miccolis, Timur"]
[Result "1-0"]
[ECO "C54"]
[WhiteElo "1513"]
[BlackElo "1538"]
[Annotator ",Inock"]
[PlyCount "75"]
[TimeControl "40/7200:20/3600:1800"]

{400MB, Fritz8.ctg} 1. e4 e5 2. Nf3 Nc6 3. Bc4 Bc5 4. c3 Nf6 5. d4 exd4 6. cxd4
Bb4+ 7. Bd2 Nxe4 8. Bxb4 Nxb4 9. Bxf7+ Kxf7 10. Qb3+ Kf8 11. Qxb4+ Qe7 12.
Qxe7+ Kxe7 13. O-O Re8 14. Nbd2 Nxd2 15. Nxd2 Kf8 16. Rfe1 d6 17. Rxe8+ Kxe8
18. Re1+ Kf8 19. f3 h5 20. Kf2 Bf5 21. a3 Rd8 22. h3 h4 23. f4 Kf7 24. d5 a6
25. Rc1 Rd7 26. Nf3 Kf6 27. Nxh4 Be4 28. Rd1 c6 29. dxc6 bxc6 30. g4 g5 31.
fxg5+ Kxg5 32. Nf3+ Kf6 33. Nd2 Bd5 34. h4 Rh7 35. Rf1 Kg6 36. h5+ Kg5 37. Kg3
Be6 38. Ne4+ 1-0

[Event "Finalturnier U10"]
[Site "TOSHIBA"]
[Date "2008.07.06"]
[Round "6"]
[White "Catsiapis, Yiannis"]
[Black "Arcuti, Davide"]
[Result "1/2-1/2"]
[ECO "D43"]
[WhiteElo "1462"]
[BlackElo "1560"]
[Annotator ",Inock"]
[PlyCount "141"]
[TimeControl "40/7200:20/3600:1800"]

{400MB, Fritz8.ctg} 1. d4 d5 2. c4 c6 3. Nc3 e6 4. Nf3 Nf6 5. Bf4 Bb4 6. e3
Nbd7 7. a3 Be7 8. Be2 O-O 9. O-O Nh5 10. Bg3 Nxg3 11. fxg3 Nf6 12. Qc2 h6 13.
Rfe1 b6 14. b4 Ba6 15. c5 Bxe2 16. Qxe2 b5 17. Rad1 a6 18. e4 Re8 19. e5 Nh7
20. Qf2 Qd7 21. Rf1 Rf8 22. Nd2 Bg5 23. Nf3 Bd8 24. Ra1 Ng5 25. a4 Be7 26. Qe2
Qb7 27. a5 Qd7 28. Nb1 Rad8 29. Nbd2 Rc8 30. Rab1 Qb7 31. Ra1 Nh7 32. Rab1 Bg5
33. Nxg5 Nxg5 34. Rbc1 Qd7 35. Nf3 Nxf3+ 36. Rxf3 Qe7 37. Qe3 Qg5 38. Qxg5 hxg5
39. Rcf1 Rc7 40. h3 Kh7 41. Kh2 Kg6 42. g4 f6 43. exf6 Rxf6 44. Rxf6+ gxf6 45.
Kg3 Re7 46. Re1 e5 47. Kf2 Kf7 48. Rd1 exd4 49. Rxd4 Kg6 50. Kf1 Re3 51. Kf2
Rc3 52. Rd1 Rb3 53. Rd4 Kf7 54. g3 Rc3 55. h4 Ke6 56. h5 Kf7 57. Kg2 Rc4 58.
Rxc4 dxc4 59. Kf2 Kg7 60. Ke3 f5 61. gxf5 g4 62. Kd2 Kh6 63. f6 Kh7 64. Ke3 Kh6
65. Ke4 Kh7 66. Ke5 c3 67. Ke6 c2 68. f7 c1=Q 69. f8=Q Qe3+ 70. Kd7 Qe6+ 71.
Kxe6 1/2-1/2

[Event "Finalturnier U12"]
[Site "TOSHIBA"]
[Date "2008.07.06"]
[Round "7"]
[White "Thode, Gilda"]
[Black "Catsiapis, Yiannis"]
[Result "1-0"]
[ECO "C50"]
[WhiteElo "1501"]
[BlackElo "1462"]
[Annotator ",Inock"]
[PlyCount "63"]
[TimeControl "180"]

{400MB, Fritz8.ctg} 1. e4 e5 2. Nf3 Nc6 3. Bc4 Bc5 4. O-O Nf6 5. d3 d6 6. Be3
Bb6 7. Nc3 O-O 8. Re1 Be6 9. Bb3 Re8 10. h3 Bxb3 11. axb3 d5 12. exd5 Nxd5 13.
Nxd5 Qxd5 14. c4 Qd6 15. Qc2 Bc5 16. Nd2 Bxe3 17. Rxe3 Nd4 18. Qc3 f6 19. Ne4
Qb6 20. b4 Qc6 21. c5 Qd5 22. Rae1 f5 23. Nd2 f4 24. Re4 Re7 25. Rxf4 exf4 26.
Rxe7 Kf8 27. Re4 Kg8 28. Qxd4 Qxd4 29. Rxd4 Re8 30. Rxf4 Re1+ 31. Kh2 Re2 32.
Nc4 1-0